Map: Cerulean Fall LE

Players

Cure

  • Race: Terran Terran
  • League: Master
  • Spawn Location: 7:00

Namshar - Winner!

  • Race: Zerg Zerg
  • League: Master
  • Spawn Location: 1:00

Event: HomeStory Cup XVIII

VOD

Have the link to the VOD?

Description

Time

  • Played on: Nov. 22, 2018, 8:25 a.m.
  • Length: 25:19

All games in this series

Show
View Real Time Build Order
Export as new Build Order

Cure Terran 

Build Orders: Reaper Expand, Hellion Banshee 

Get SALT Encoding   

  12  0:01  SCV  
  13  0:13  SCV  
  14  0:17  Supply Depot  
  14  0:25  SCV  
  15  0:39  SCV  
  15  0:40  Barracks  
  16  0:43  Refinery  
  16  0:51  SCV  
  17  1:03  SCV  
  18  1:15  SCV  
  19  1:27  Reaper, Orbital Command  
  20  1:39  Command Center  
  20  1:46  Supply Depot  
  20  1:53  SCV  
  21  1:59  Marine  
  22  2:05  SCV  
  23  2:10  Factory  
  23  2:17  SCV  
  23  2:21  Barracks Reactor  
  24  2:29  SCV  
  25  2:45  SCV  
  25  2:47  Command Center  
  25  2:51  Orbital Command  
  25  2:54  Refinery  
  25  2:57  SCV  
  26  3:03  Starport  
  26  3:08  Hellion  
  26  3:09  SCV  
  29  3:15  Hellion  
  29  3:17  SCV  
  32  3:21  Barracks Tech Lab, SCV  
  33  3:29  SCV  
  33  3:33  SCV  
  35  3:35  Hellion  
  35  3:36  Hellion  
  39  3:42  SCV  
  39  3:45  SCV  
  39  3:46  Cloaking Field  
  41  3:51  Banshee  
  41  3:55  SCV  
  45  3:57  SCV  
  45  4:00  Hellion, Orbital Command  
  50  4:02  Hellion  
  50  4:07  SCV  
  50  4:09  SCV, Barracks Tech Lab  
  52  4:15  Supply Depot  
  52  4:19  SCV  
  52  4:21  SCV  
  52  4:22  Refinery x2  
  54  4:28  SCV  
  54  4:31  SCV  
  56  4:33  Marine, SCV  
  56  4:34  Banshee  
  56  4:38  Supply Depot, Stimpack  
  61  4:43  SCV x2  
  63  4:48  Engineering Bay  
  63  4:51  Supply Depot, Marine  
  63  4:52  SCV  
  65  4:56  Orbital Command  
  65  4:57  SCV  
  65  4:59  Factory Reactor  
  66  5:04  SCV  
  67  5:10  SCV  
  67  5:11  Barracks  
  67  5:12  Barracks  
  67  5:13  Marine  
  69  5:16  SCV  
  69  5:18  Supply Depot, Engineering Bay  
  70  5:22  SCV  
  70  5:24  SCV  
  70  5:28  Starport Reactor, SCV  
  73  5:31  Supply Depot, Marine  
  73  5:32  Supply Depot  
  73  5:35  SCV  
  75  5:36  SCV  
  75  5:40  SCV  
  75  5:42  Factory Reactor  
  77  5:45  Terran Infantry Weapons Level 1, Terran Infantry Armor Level 1  
  77  5:47  SCV  
  77  5:49  Marine  
  79  5:55  Barracks x2  
  79  5:58  Marine x2  
  81  6:07  SCV x3  
  81  6:11  Marine  
  84  6:12  Supply Depot x2, Medivac  
  84  6:15  Marine  
  88  6:21  SCV x3  
  88  6:22  Marine x3  
  88  6:25  Medivac  
  96  6:28  Widow Mine  
  96  6:29  Widow Mine, Marine  
  101  6:38  SCV x3  
  101  6:42  Marine x4, Barracks Reactor x2  
  101  6:45  Armory  
  101  6:46  Marine  
  105  6:48  Combat Shield  
  106  7:06  Supply Depot, Marine x4  
  106  7:07  Supply Depot, Command Center  
  110  7:09  Marine  
  99  7:24  Marine x4  
  99  7:25  Marine x4  
  99  7:29  Marine  
  108  7:33  Widow Mine x2, Medivac x2  
  114  7:42  Marine x5  
  114  7:43  Terran Infantry Weapons Level 2, SCV x3  
  114  7:44  Terran Infantry Armor Level 2, Terran Vehicle And Ship Armor Level 1  
  118  7:46  Refinery  
  118  7:47  Supply Depot, Refinery  
  118  7:49  Marine x4  
  122  7:58  SCV x3  
  125  8:00  Widow Mine x2  
  125  8:03  Sensor Tower  
  129  8:07  Marine x6, Factory  
  129  8:08  Medivac  
  129  8:10  Medivac  
  129  8:11  Marine  
  129  8:12  Marine x2  
  142  8:25  Marine x3  
  145  8:32  Marine x6  
  145  8:33  Widow Mine x2  
  155  8:35  Supply Depot  
  155  8:37  Supply Depot x2  
  155  8:43  Marine x2  
  155  8:47  Marine  
  155  8:48  Medivac x2  
  142  8:50  Marine x5  
  142  8:51  Planetary Fortress, SCV x3  
  150  9:00  Widow Mine x2, Drilling Claws  
  150  9:01  Widow Mine  
  156  9:07  Barracks  
  156  9:09  Barracks x2  
  156  9:17  Marine x6  
  156  9:18  Marine x2  
  156  9:19  Marine  
  165  9:24  Supply Depot  
  165  9:25  Supply Depot, Medivac x2, Sensor Tower  
  165  9:27  Widow Mine x2  
  165  9:28  Widow Mine  
  172  9:35  Marine x3  
  172  9:37  Marauder  
  176  9:41  Marine x4  
  176  9:42  Concussive Shells  
  170  9:49  Marine  
  170  9:51  Widow Mine x2  
  170  9:52  Widow Mine  
  177  9:53  Marine x3  
  177  9:54  SCV x3  
  177  9:55  SCV  
  177  9:59  Marauder  
  176  10:10  Barracks Tech Lab x3  
  176  10:11  Marine x2  
  178  10:20  Marine x2, Marauder  
  181  10:21  Widow Mine  
  181  10:22  Widow Mine, Medivac x2  
  181  10:27  Terran Infantry Weapons Level 3, Terran Infantry Armor Level 3, Terran Vehicle And Ship Armor Level 2  
  187  10:30  Refinery x2  
  187  10:39  Command Center  
  187  10:41  Marauder  
  189  10:45  Marine x3, Marauder x4  
  189  10:46  Marine  
  175  10:57  SCV x2  
  175  10:58  SCV x2  
  175  11:01  Widow Mine x4, Medivac x2  
  180  11:34  Marine x2  
  180  11:35  Marine x2, Marauder x4  
  180  11:37  Widow Mine x4, Medivac x2  
  178  11:41  Marine x2, Marauder  
  178  11:46  Unknown x5  
  177  11:52  Marine x4  
  153  11:56  Marine, Marauder x3  
  153  11:58  Widow Mine x3  
  153  11:59  Marine x2  
  142  12:02  Marauder  
  142  12:07  Medivac x2  
  148  12:10  Marine x3  
  148  12:14  Marauder  
  153  12:17  Marauder, Marine  
  153  12:18  Marauder x2, Marine  
  153  12:19  Command Center  
  141  12:46  Widow Mine x2, Marauder  
  140  12:53  Supply Depot  
  140  12:54  Supply Depot  
  140  13:14  Marine x4  
  140  13:15  Marauder x2, Marine, SCV x3  
  140  13:16  Marauder x2  
  156  13:30  Widow Mine x4, Marine x2, Medivac x2  
  156  13:32  Marine x2  
  171  13:35  Supply Depot  
  171  13:36  Supply Depot  
  171  13:39  Marauder  
  171  13:40  Marine x2  
  171  13:41  Marauder x3  
  169  13:42  Marauder  
  169  13:48  Marine x2  
  164  13:50  Planetary Fortress, Marine x2  
  164  13:52  Widow Mine x3  
  164  13:54  Widow Mine  
  166  13:58  Marine  
  157  14:03  Marine x3, Marauder x3  
  157  14:05  Marine  
  157  14:06  Medivac  
  157  14:07  Medivac  
  157  14:08  Planetary Fortress  
  167  14:10  SCV  
  167  14:11  SCV  
  167  14:12  SCV  
  167  14:14  Widow Mine  
  172  14:18  Widow Mine x2  
  172  14:19  Widow Mine  
  172  14:22  Marine x2  
  172  14:24  SCV  
  181  14:25  SCV  
  181  14:26  SCV  
  181  14:27  Marine  
  184  14:35  Widow Mine  
  184  14:38  Marine x2, Marauder  
  187  14:39  Marine x2  
  187  14:40  Marauder  
  187  14:41  Marauder, Marine  
  172  14:49  Marine x3  
  148  14:56  Marine x2  
  148  14:57  Marauder, Marine  
  148  14:59  Marauder, Marine  
  147  15:01  Marauder, Marine  
  147  15:06  Marine  
  150  15:09  Widow Mine x3  
  150  15:11  Marine x2  
  150  15:13  Marine x2  
  152  15:16  Orbital Command  
  152  15:18  Marauder x2  
  152  15:20  Marauder  
  135  15:30  Unknown x3  
  135  15:32  Marine x4  
  135  15:33  Marauder x2, Marine x2  
  137  15:38  Widow Mine  
  137  15:39  Marauder  
  137  15:40  Marauder  
  137  15:41  Marine  
  137  15:42  Widow Mine x2  
  147  15:50  Marine x2  
  141  15:59  Marine x4, Marauder x3  
  141  16:00  Marine  
  141  16:01  Marine  
  145  16:08  Marine x2  
  146  16:13  Widow Mine x3  
  146  16:16  Marine x2  
  146  16:17  Marine x2  
  138  16:18  Marauder  
  138  16:19  Marauder  
  138  16:20  Marine x3  
  138  16:23  Widow Mine  
  138  16:24  Medivac  
  137  16:26  Medivac  
  137  16:31  SCV x3  
  142  16:38  Widow Mine x3, Marauder  
  150  16:54  Command Center  
  150  16:55  Medivac  
  150  16:56  Medivac  
  154  17:03  Sensor Tower  
  139  17:14  Command Center x2  
  138  17:22  Widow Mine x3  
  140  17:23  Widow Mine  
  140  17:33  Marine x5  
  140  17:34  Marauder x3, Marine  
  140  17:36  Marine  
  153  17:37  Marine  
  154  17:48  Orbital Command  
  154  17:51  Marine x3  
  157  18:02  Marauder  
  144  18:12  Marine x3, Marauder x2  
  151  18:17  Supply Depot  
  151  18:19  Widow Mine  
  151  18:26  Marine x2  
  151  18:27  Marauder  
  131  19:12  Planetary Fortress, Widow Mine x3  
  131  19:13  Widow Mine  
  131  19:14  SCV x3  
  131  19:15  Planetary Fortress  
  142  19:22  Medivac x2  
  142  19:33  Widow Mine x3, Marine x2, Marauder x2  
  142  19:34  Widow Mine  
  156  19:39  SCV x3  
  156  19:42  Sensor Tower  
  157  19:53  Marine x2  
  157  19:54  Marine x3, Marauder x2  
  136  20:01  Marine x3  
  136  20:02  Marauder  
  136  20:03  Unknown  
  136  20:04  Unknown x5  
  122  20:11  Marine  
  122  20:15  Marauder  
  122  20:16  Marine x4, Marauder  
  122  20:19  Marine  
  122  20:20  Marine x2  
  92  20:29  Marine  
  92  20:30  Marauder  
  95  20:42  Widow Mine x2  
  100  20:43  Widow Mine  
  98  20:52  Orbital Command  
  98  20:55  Marauder x2  
  102  21:06  Widow Mine x2  
  106  21:12  Widow Mine  
  108  21:19  Marauder  
  110  21:31  Sensor Tower  
  110  21:34  Widow Mine x3  
  116  21:40  Orbital Command  
  116  21:44  Widow Mine, Medivac x2  
  122  21:49  SCV x2  
  124  22:01  Widow Mine  
  124  22:02  Widow Mine x2  
  124  22:05  Widow Mine  
  124  22:07  SCV x3  
  135  22:13  Marauder x3  
  135  22:14  Marauder x2  
  144  22:24  Marine x3  
  144  22:25  Marine  
  128  22:34  Marauder x2  
  128  22:36  Unknown x4  
  132  22:48  Marine x6, Marauder x3  
  130  22:54  SCV x2  
  130  22:55  Marine x2, SCV  
  135  23:05  Marine x2  
  135  23:09  Marauder x2, Medivac x2  
  145  23:15  Widow Mine  
  145  23:16  Widow Mine x2  
  145  23:18  Unknown x4  
  142  23:22  Widow Mine  
  139  23:34  Unknown x2  
  139  23:36  Marine x4, Marauder x3  
  139  23:37  Marauder x2  
  149  23:44  Marine x2  
  145  23:54  Marine x2  
  137  23:58  Marauder  
  137  24:02  Marine  
  126  24:04  Marine x6  
  121  24:12  Marine x2  
  124  24:20  Marine  
  124  24:21  Marine  
  125  24:27  Command Center  
  121  24:44  Marine x2  
  121  24:45  Marine x2  
  127  24:52  Widow Mine  
  127  24:53  Widow Mine  
  125  25:01  Command Center  
Show
View Real Time Build Order
Export as new Build Order

Namshar Zerg - Winner!

Build Orders: Hatch First 

Get SALT Encoding   

  12  0:00  Drone  
  13  0:12  Overlord  
  13  0:17  Drone  
  14  0:30  Drone x2  
  16  0:49  Hatchery  
  15  0:52  Drone  
  15  0:55  Drone  
  17  0:58  Drone  
  18  1:09  Extractor  
  17  1:14  Spawning Pool  
  17  1:18  Drone  
  17  1:20  Drone  
  18  1:28  Drone  
  19  1:38  Drone  
  20  1:49  Drone  
  21  2:01  Queen x2  
  23  2:02  Zergling x4  
  27  2:13  Drone, Overlord  
  28  2:23  Hatchery  
  28  2:25  Drone  
  28  2:31  Drone  
  28  2:35  Drone  
  29  2:37  Drone  
  29  2:46  Queen, Metabolic Boost  
  31  2:53  Overlord  
  31  2:54  Drone  
  31  2:57  Drone  
  33  2:58  Drone  
  34  3:07  Drone, Overlord  
  35  3:14  Queen  
  35  3:18  Drone x3  
  40  3:24  Queen  
  42  3:29  Drone, Overlord  
  42  3:32  Overlord  
  43  3:36  Drone x2  
  45  3:44  Drone x3  
  45  3:47  Queen  
  50  3:51  Overlord  
  50  3:52  Zergling x2  
  50  3:53  Zergling x2  
  52  3:57  Zergling x6  
  55  4:09  Zergling x4  
  57  4:11  Drone  
  57  4:13  Drone  
  57  4:14  Drone x3  
  57  4:16  Extractor  
  61  4:17  Extractor, Drone  
  61  4:18  Drone  
  61  4:23  Queen  
  64  4:24  Overlord  
  64  4:25  Drone x2  
  64  4:26  Drone x2  
  64  4:30  Baneling Nest  
  67  4:36  Drone x3  
  70  4:43  Overlord  
  70  4:44  Drone x5  
  75  4:50  Evolution Chamber  
  75  4:51  Evolution Chamber  
  75  4:52  Overlord  
  73  4:53  Drone  
  73  4:56  Drone  
  73  4:57  Drone x2  
  77  5:08  Zergling x4  
  77  5:09  Zergling x2  
  80  5:15  Drone  
  80  5:16  Drone x6  
  87  5:21  Zerg Ground Armor Level 1, Zerg Melee Weapons Level 1  
  87  5:25  Extractor, Lair  
  87  5:27  Spore Crawler  
  87  5:28  Spore Crawler x2  
  84  5:33  Drone  
  84  5:38  Drone x6  
  84  5:40  Extractor  
  89  5:43  Drone  
  89  5:44  Drone  
  91  5:51  Hatchery  
  90  6:00  Queen  
  88  6:04  Drone x2  
  88  6:06  Zergling x4  
  90  6:11  Extractor, Drone x3  
  90  6:14  Overlord x3  
  90  6:17  Drone x2  
  94  6:19  Overlord x2  
  94  6:22  Overseer  
  94  6:23  Centrifical Hooks  
  94  6:25  Drone  
  95  6:26  Hydralisk Den  
  94  6:33  Hatchery  
  94  6:39  Drone x3  
  97  6:40  Drone x4  
  97  6:41  Drone, Overlord  
  97  6:44  Zergling x10  
  97  6:45  Baneling  
  97  6:46  Baneling x2  
  106  6:49  Baneling x2  
  106  6:56  Overlord, Muscular Augments  
  106  6:57  Infestation Pit  
  106  6:58  Zergling x4, Baneling x2  
  106  6:59  Zergling x2  
  108  7:03  Queen  
  108  7:05  Spore Crawler  
  107  7:19  Zergling x24  
  107  7:20  Zergling x2  
  107  7:21  Zergling x2  
  112  7:29  Zergling x6  
  110  7:30  Queen  
  110  7:32  Zergling x2  
  110  7:36  Zergling x4  
  111  7:43  Zerg Melee Weapons Level 2, Zerg Ground Armor Level 2, Baneling x8  
  110  7:46  Queen  
  110  7:49  Queen  
  110  7:51  Baneling x3  
  114  7:55  Hive  
  112  7:59  Hydralisk x6  
  112  8:01  Baneling  
  124  8:06  Drone x4  
  124  8:07  Grooved Spines  
  124  8:11  Hydralisk  
  124  8:12  Hydralisk x3  
  136  8:16  Zergling x10  
  139  8:31  Queen  
  139  8:34  Overlord x2  
  138  8:44  Hatchery  
  138  8:45  Hydralisk x3  
  138  8:46  Zergling x6  
  138  8:47  Zergling x22  
  136  8:51  Hydralisk, Baneling x4  
  136  8:52  Zergling x4  
  140  8:59  Zergling x2  
  140  9:00  Zergling x14  
  148  9:04  Baneling  
  148  9:05  Zergling x10  
  148  9:07  Pneumatized Carapace  
  148  9:08  Overseer  
  153  9:15  Adrenal Glands  
  153  9:17  Zergling x4  
  153  9:18  Zergling x8  
  153  9:21  Viper x2  
  163  9:35  Baneling  
  163  9:36  Overlord x4, Baneling x6  
  163  9:39  Zergling x2  
  163  9:40  Zergling x14  
  170  10:06  Hydralisk, Zergling x2  
  169  10:07  Zergling x26  
  169  10:12  Baneling x5  
  169  10:13  Baneling  
  178  10:19  Hydralisk  
  178  10:20  Zergling x26  
  190  10:26  Zerg Ground Armor Level 3, Zerg Melee Weapons Level 3  
  190  10:29  Baneling x9  
  190  10:37  Baneling x6  
  190  10:38  Zergling x4  
  190  10:39  Zergling x10  
  190  10:47  Overseer x2  
  182  10:52  Zergling x28  
  171  11:08  Zergling x10  
  172  11:14  Baneling  
  172  11:15  Baneling x11  
  171  11:26  Baneling  
  171  11:27  Zergling x4, Baneling x4  
  171  11:28  Hatchery, Zergling x16  
  176  11:36  Hydralisk  
  176  11:37  Hatchery, Zergling x12  
  166  11:51  Hydralisk  
  166  11:52  Zergling x20  
  161  11:59  Drone  
  161  12:00  Drone x5  
  148  12:02  Hydralisk, Zergling x2  
  148  12:03  Zergling x12  
  157  12:08  Baneling x2  
  157  12:09  Baneling x7  
  157  12:17  Zergling x2  
  157  12:18  Zergling x14  
  157  12:19  Zergling x2  
  157  12:22  Baneling  
  166  12:23  Baneling  
  161  12:32  Baneling x7  
  157  12:39  Hydralisk, Zergling x2  
  157  12:40  Zergling x14  
  155  12:48  Zergling x14  
  155  12:49  Zergling x2  
  145  12:55  Viper  
  145  12:56  Pathogen Glands  
  145  12:58  Overseer x3  
  148  13:00  Baneling  
  148  13:01  Baneling x3  
  148  13:03  Zergling x2  
  148  13:04  Zergling x4  
  151  13:11  Baneling x4  
  151  13:17  Zerg Missile Weapons Level 1  
  151  13:25  Zergling x2  
  151  13:26  Zergling x26  
  161  13:28  Baneling x4  
  161  13:36  Baneling  
  161  13:38  Zergling x16  
  156  13:45  Zergling x12  
  156  13:47  Baneling x2  
  148  13:56  Hydralisk  
  148  13:57  Zergling x6  
  148  13:58  Zergling x8  
  146  14:03  Zergling x2  
  146  14:04  Zergling x6  
  146  14:17  Drone x7  
  146  14:18  Drone x6  
  159  14:25  Baneling x8  
  159  14:30  Overseer  
  159  14:31  Overseer  
  159  14:36  Baneling  
  159  14:37  Baneling x3  
  156  14:39  Hydralisk  
  156  14:40  Zergling x12  
  156  14:41  Zergling x4  
  148  14:48  Zergling x16  
  138  14:59  Hydralisk  
  128  15:00  Zergling x20  
  135  15:11  Baneling x4  
  135  15:12  Baneling x5  
  135  15:21  Hydralisk, Zergling x2, Baneling  
  134  15:22  Zergling x14  
  135  15:35  Hydralisk x4  
  132  15:36  Zergling x6  
  132  15:37  Baneling x9  
  132  15:42  Hydralisk, Zergling x2  
  142  15:43  Zergling x12  
  142  15:48  Baneling  
  147  15:54  Hydralisk, Zergling x4  
  147  15:55  Zergling x18  
  149  15:59  Hydralisk  
  149  16:00  Zergling x16  
  149  16:01  Zergling x6  
  151  16:06  Baneling x2  
  151  16:08  Baneling x2  
  151  16:09  Hydralisk  
  151  16:10  Zergling x14  
  159  16:17  Hydralisk  
  159  16:18  Zergling x14  
  155  16:21  Hydralisk  
  155  16:22  Zergling x4  
  153  16:35  Overseer x2  
  153  16:39  Zerg Missile Weapons Level 2  
  153  16:42  Baneling x4  
  153  16:44  Hydralisk, Zergling x2  
  153  16:45  Zergling x22  
  164  16:50  Baneling x4  
  164  16:53  Zergling x20  
  174  16:58  Zergling x2  
  171  17:07  Baneling  
  171  17:08  Baneling x8  
  168  17:13  Queen  
  168  17:24  Hydralisk, Zergling x4  
  168  17:25  Zergling x6  
  175  17:40  Overlord x2  
  175  17:41  Overlord x3  
  175  17:43  Queen, Spire  
  176  17:45  Baneling  
  176  17:46  Baneling x7  
  175  17:55  Spore Crawler  
  175  17:56  Spine Crawler  
  142  18:06  Hydralisk, Zergling x2  
  142  18:07  Zergling x40  
  160  18:14  Infestor x4  
  160  18:18  Zergling x2, Baneling x7  
  160  18:19  Zergling x28  
  182  18:24  Zergling x4  
  182  18:25  Zergling x6  
  187  18:31  Baneling x3  
  185  18:47  Baneling x6  
  184  19:01  Hatchery  
  184  19:02  Zergling x12  
  164  19:12  Overseer x2  
  161  19:18  Zergling x28  
  161  19:24  Zergling x32  
  170  19:30  Baneling  
  170  19:31  Baneling x5  
  185  19:36  Zergling x12  
  185  19:38  Overseer  
  191  19:39  Greater Spire  
  188  19:46  Zergling x6  
  189  19:58  Infestor x4  
  167  20:07  Baneling x4  
  167  20:08  Zergling x2, Baneling x7  
  167  20:09  Zergling x28  
  182  20:14  Baneling  
  182  20:15  Baneling x6  
  162  20:22  Hatchery  
  155  20:32  Zergling x18  
  155  20:33  Zergling x8  
  167  20:38  Zergling x10  
  169  20:47  Hatchery  
  169  20:49  Hatchery  
  167  20:52  Baneling x5  
  167  20:57  Zergling x20  
  176  21:16  Zergling x8  
  180  21:20  Zerg Flyer Weapons Level 1  
  180  21:21  Overlord x4  
  180  21:25  Baneling  
  180  21:26  Baneling x10  
  180  21:34  Overseer  
  168  21:41  Corruptor x3  
  168  21:47  Drone x2  
  176  21:48  Extractor x2  
  176  21:50  Drone x3  
  176  21:52  Drone  
  178  21:56  Drone  
  178  21:58  Extractor, Drone  
  178  21:59  Extractor  
  178  22:01  Drone x3  
  180  22:03  Drone  
  180  22:04  Drone  
  183  22:12  Drone x3  
  185  22:32  Brood Lord  
  185  22:33  Extractor  
  185  22:34  Extractor  
  185  22:36  Drone x5  
  174  22:52  Brood Lord  
  174  22:57  Extractor  
  174  22:58  Drone x4  
  177  23:00  Drone x2  
  177  23:01  Brood Lord  
  177  23:02  Zergling x32  
  196  23:24  Spine Crawler  
  196  23:25  Spore Crawler  
  196  23:27  Spine Crawler  
  193  23:32  Baneling x2  
  193  23:33  Baneling x2  
  193  23:34  Overseer  
  179  23:52  Zergling x26  
  179  23:53  Zergling x18  
  179  23:55  Baneling x5  
  195  23:56  Baneling x4  
  180  24:04  Baneling x4  
  170  24:11  Infestor x2  
  170  24:12  Hydralisk x2  
  170  24:13  Zergling x20  
  188  24:21  Overseer x2  
  188  24:24  Overseer  
  188  24:25  Spine Crawler, Spore Crawler  
  188  24:29  Hatchery, Zergling x6  
  188  24:30  Zergling x12  
  173  24:46  Corruptor  
  173  24:47  Corruptor x2  
  173  24:51  Baneling  
  173  24:52  Baneling x14  
Tags
 
Add a new tag
Caveats
  • Supply blocks, unpowered buildings, or Contaminate may cause inaccurate times.
  • Supply counts are checked every 10 seconds.